 Dungeon Crawl Stone Soup version 0.29-a0-676-ga64570c9d2 (webtiles) character file.

Game seed: 13964731384228162219

584 pokeman the Magician (level 7, 0/36 (38) HPs)
             Began as a Deep Elf Hedge Wizard on June 25, 2022.
             Was a Follower of Vehumet.
             Slain by Crazy Yiuf
             ... wielding a +4 quarterstaff of chaos
              (5 damage)
             ... on level 3 of the Dungeon.
             The game lasted 00:13:29 (6907 turns).

pokeman the Magician (Deep Elf Hedge Wizard)        Turns: 6907, Time: 00:13:29

HP:   0/36 (38)     AC:  3    Str:  7    XL:     7   Next: 14%
MP:   10/20         EV: 12    Int: 21    God:    Vehumet [*.....]
Gold: 236           SH:  0    Dex: 14    Spells: 2/21 levels left

rFire   . . .      SeeInvis .   i - +0 long sword
rCold   . . .      Faith    .   (no shield)
rNeg    . . .      Spirit   .   z - +0 leather armour
rPois   .          Reflect  .   c - +0 hat
rElec   .          Harm     .   (no cloak)
rCorr   .          Rampage  .   (no gloves)
Will    .....                   (no boots)
Stlth   ++........              (no amulet)
HPRegen 0.12/turn               m - +4 ring of slaying
MPRegen 0.17/turn               o - ring of wizardry

@: drained
A: no striking features
a: Renounce Religion


You were on level 3 of the Dungeon.
You worshipped Vehumet.
Vehumet was aware of your devotion.
You visited 1 branch of the dungeon, and saw 5 of its levels.
You also visited: Sewer.

You collected 236 gold pieces.

Inventory:

Hand Weapons
 i - a +0 long sword (weapon)
Armour
 c - a +0 hat (worn)
 z - a +0 leather armour (worn)
Jewellery
 m - a +4 ring of slaying (left hand)
 o - a ring of wizardry (right hand)
Wands
 q - a wand of acid (5)
Scrolls
 e - a scroll of poison {unknown}
 f - 4 scrolls of teleportation {unknown}
 h - a scroll of enchant armour {unknown}
 j - 3 scrolls of enchant weapon {unknown}
 n - 4 scrolls of identify {unknown}
 p - a scroll of blinking {unknown}
 s - 2 scrolls of brand weapon {unknown}
 t - a scroll of magic mapping {unknown}
 u - a scroll of fear {unknown}
 y - 2 scrolls of fog {unknown}
Potions
 a - 3 potions of heal wounds
 b - a potion of mutation {unknown}
 d - a potion of magic
 g - a potion of degeneration {unknown}
 k - a potion of haste {unknown}
 l - 2 potions of lignification {unknown}
 r - 2 potions of cancellation {unknown}
 v - a potion of ambrosia {unknown}
 w - a potion of brilliance {unknown}
 x - a potion of invisibility {unknown}


   Skills:
 + Level 1.5 Fighting
 - Level 1.0 Armour
 - Level 3.0 Dodging
 - Level 3.0 Stealth
 * Level 7.8 Spellcasting
 + Level 3.8 Conjurations
 - Level 1.1 Summonings
 - Level 1.1 Translocations
 - Level 1.1 Fire Magic
 + Level 0.2 Ice Magic
 - Level 1.0 Air Magic
 - Level 1.0 Earth Magic
 - Level 1.3 Poison Magic
 - Level 1.2 Evocations


You had 2 spell levels left.
You knew the following spells:

 Your Spells              Type           Power      Damage    Failure   Level
a - Magic Dart            Conj           96%        1d7       1%          1
b - Mephitic Cloud        Conj/Pois/Air  16%        N/A       6%          3
c - Call Imp              Summ           12%        N/A       4%          2
d - Blink                 Tloc           24%        N/A       4%          2
e - Conjure Flame         Conj/Fire      18%        6-21      5%          3
f - Stone Arrow           Conj/Erth      36%        3d9       5%          3
g - Freezing Cloud        Conj/Ice/Air   7%         6-21      52%         5

Your spell library contained the following spells:

 Spells                   Type           Power      Damage    Failure   Level
 Scorch                   Fire           26%        2d6       4%          2
 Sting                    Tmut/Pois      44%        1d5       3%          1
 Slow                     Hex            32%        N/A       4%          1
 Ignite Poison            Fire/Tmut/Pois 11%        N/A       11%         3
 Tukima's Dance           Hex            8%         N/A       14%         3
 Animate Armour           Summ/Erth      24%        N/A       28%         4
 Passage of Golubria      Tloc           12%        N/A       28%         4
 Summon Forest            Summ/Tloc      6%         N/A       61%         5
 Summon Mana Viper        Hex/Summ       10%        N/A       67%         5
 Yara's Violent Unravell  Hex/Tmut       4%         3d4       75%         5
 Summon Cactus Giant      Summ           6%         N/A       98%         6
 Lehudib's Crystal Spear  Conj/Erth      9%         10d4      100%        8


Dungeon Overview and Level Annotations

Branches:
Dungeon (5/15)              Sewer (visited)
 Temple: D:4-7

Altars:
Elyvilon
Hepliaklqana
Sif Muna
Trog
Vehumet

Shops:
D:1 :(

Annotations:
D:3 Crazy Yiuf


Message History

Crazy Yiuf closely misses you.
Unknown command.
Casting: Mephitic Cloud (dangerous; 6% risk of failure)
Confirm with . or Enter, or press ? or * to list all spells.
You blink.
Crazy Yiuf grits, "East foot Orb Guardian!"
Unknown command.
Crazy Yiuf is engulfed in noxious fumes.
Casting: Blink (safe; 4% risk of failure)
Confirm with . or Enter, or press ? or * to list all spells.
Aiming: Mephitic Cloud (dangerous; 6% risk of failure)
Press: ? - help, Shift-Dir - straight line, f/p - Crazy Yiuf
Aim: Crazy Yiuf, wielding a +4 quarterstaff of chaos and wearing a +0 cloak (chance to affect: 86%)
The ball explodes into a vile cloud!
The stinking cloud engulfs Crazy Yiuf but does no damage.
Crazy Yiuf is engulfed in noxious fumes.
Crazy Yiuf says, "Castle mumblescurry sanguine!"
Unknown command.
Casting: Mephitic Cloud (dangerous; 6% risk of failure)
Confirm with . or Enter, or press ? or * to list all spells.
A shadowy apparition takes form in the air.
Crazy Yiuf is engulfed in noxious fumes.
Crazy Yiuf appears confused.
Crazy Yiuf barely misses your shadow imp.
Unknown command.
Crazy Yiuf is engulfed in noxious fumes.
Crazy Yiuf appears confused.
Crazy Yiuf says, "Have you seen my glasses?"
Your shadow imp gestures at Crazy Yiuf.
Crazy Yiuf barely resists.
You see here a +0 mace.
You hit Crazy Yiuf.
Crazy Yiuf is moderately wounded.
You feel stable enough to blink again.
Crazy Yiuf hits you with a +4 quarterstaff of chaos!
Crazy Yiuf freezes you!
* * * LOW HITPOINT WARNING * * *
Your shadow imp hits Crazy Yiuf but does no damage.
Crazy Yiuf hits you with a +4 quarterstaff of chaos.
You die...

...........# ♣♣.♣♣
#.# .........###
♣♣.♣ #.#
.........### ♣.♣♣
###.# .#.#..###..#
♣♣.♣ #...#
.#.#..##...# ♣°♣♣
##### ...#.......#
##'## ...........#
#.°°# ...........#
#g5.# ..##.......#
#)@.# ..##.......#
##### ..#####....#
...........########
..######..........#
#.# #..........#
#.# #..........#
#.# ####.#######
#.# #.#


You could see Crazy Yiuf (confused, ally target) and a friendly shadow imp
(summoned).

Vanquished Creatures
  An orc warrior (D:4)
  2 bullfrogs (Sewer)
  2 orc wizards
  A gnoll (D:1)
  11 adders
  6 river rats
  2 ufetubi
  6 worms
  6 dart slugs
  3 orcs
  5 endoplasms
  6 giant cockroaches
  7 goblins
  8 hobgoblins
  7 kobolds
  6 quokkas
  14 ball pythons
  A bat (D:2)
  9 frilled lizards
  26 rats
129 creatures vanquished.

Vanquished Creatures (collateral kills)
  A rat (D:3)
1 creature vanquished.

Vanquished Creatures (others)
  A quokka (D:4)
  A kobold (D:4)
  14 plants (D:4)
16 creatures vanquished.

Grand Total: 146 creatures vanquished

Notes
Turn   | Place    | Note
-------+----------+-------------------------------------------
     0 | D:1      | pokeman the Deep Elf Hedge Wizard began the quest for the
                  | Orb.
     0 | D:1      | Reached XP level 1. HP: 10/10 MP: 7/7
   186 | D:1      | Reached XP level 2. HP: 16/16 MP: 1/9
   289 | D:1      | Found Dej Keoxt's Book Emporium.
   639 | D:1      | Reached skill level 5 in Spellcasting
   639 | D:1      | Reached XP level 3. HP: 3/20 MP: 5/11
   644 | D:1      | Learned a level 3 spell: Mephitic Cloud
   647 | D:1      | Learned a level 2 spell: Call Imp
   650 | D:1      | Learned a level 2 spell: Blink
   654 | D:1      | Learned a level 3 spell: Conjure Flame
  1055 | D:1      | Found Xixkupru's Weapon Shoppe.
  1266 | D:1      | Found a faded altar of an unknown god.
  1749 | D:2      | Reached skill level 1 in Fighting
  2089 | D:2      | Reached skill level 1 in Armour
  2263 | D:2      | HP: 1/20 [worm (10)]
  2282 | D:2      | Reached XP level 4. HP: 2/25 MP: 8/13
  2874 | D:2      | Learned a level 3 spell: Stone Arrow
  3066 | D:3      | Reached skill level 1 in Fire Magic
  3364 | D:3      | Found a radiant altar of Vehumet.
  3372 | D:3      | Became a worshipper of Vehumet
  3429 | D:3      | Found a hazy altar of Hepliaklqana.
  3502 | D:3      | You fall into a shaft and drop 2 floors!
  3502 | D:5      | Entered Level 5 of the Dungeon
  3528 | D:5      | Reached skill level 6 in Spellcasting
  3660 | D:4      | Reached XP level 5. HP: 25/29 MP: 9/15
  3684 | D:4      | Found a white marble altar of Elyvilon.
  3850 | D:4      | Found a glowing drain.
  3864 | Sewer    | Entered a sewer
  4394 | Sewer    | Reached * piety under Vehumet
  4394 | Sewer    | Offered knowledge of Sandblast by Vehumet.
  4816 | Sewer    | Reached skill level 1 in Air Magic
  4924 | Sewer    | Reached XP level 6. HP: 10/34 MP: 7/17
  5214 | Sewer    | Reached skill level 7 in Spellcasting
  5214 | Sewer    | Reached skill level 1 in Evocations
  5229 | Sewer    | Reached skill level 1 in Earth Magic
  5643 | D:4      | Learned a level 5 spell: Freezing Cloud
  5657 | D:4      | Found a shimmering blue altar of Sif Muna.
  5665 | D:4      | Got Sif Muna's Grimoire of the Snail
  5667 | D:4      | Noticed an orc warrior
  5704 | D:4      | Found a bloodstained altar of Trog.
  5840 | D:4      | Killed an orc warrior
  5841 | D:4      | Reached skill level 1 in Poison Magic
  5841 | D:4      | Reached XP level 7. HP: 38/38 MP: 13/20
  6677 | D:3      | Offered knowledge of Scorch by Vehumet.
  6843 | D:3      | Found a runed translucent door.
  6844 | D:3      | Noticed Crazy Yiuf
  6907 | D:3      | Slain by Crazy Yiuf

Illustrated notes

Levels and vault maps discovered:
D:1:      kennysheep_arrival_seaside, layout_basic, serial_shops, shop,
          nicolae_shop_crystal, shapermc_ecumenical_altar_flowoftime
D:2:      layout_loops_corners, minmay_pentomino_x4
D:3:      layout_basic, mainiacjoe_overflow_catwalk, lemuel_crystal_altar,
          kennysheep_generic_room_4, uniq_crazy_yiuf_cottage
D:4:      layout_basic, elyvilon_altar_4, nzn_overflow_gifts_of_might_and_magic,
          gup_sewer_entry_bubbles, serial_shops, shop, serial_bayou_ford_a,
          small_statue_intersection, grunt_ministairs_8, uniq_sigmund
D:5:      layout_layer_cave, uniq_blork_the_orc

Skill      XL: |  1  2  3  4  5  6 |
---------------+-------------------+-----
Spellcasting   | 5 6 7 |  7.8
Fighting       | 1 |  1.5
Armour         | 1 |  1.0
Conjurations   | 2 3 |  3.8
Fire Magic     | 1 |  1.1
Dodging        | 3 |  3.0
Stealth        | 3 |  3.0
Air Magic      | 1 |  1.0
Evocations     | 1 |  1.2
Earth Magic    | 1 |  1.0
Poison Magic   | 1 |  1.3
Summonings     | |  1.1
Translocations | |  1.1
Ice Magic      | |  0.2

Action                   |  1- 3 |  4- 6 |  7- 9 || total
-------------------------+-------+-------+-------++-------
Melee: Dagger            |     3 |       |       ||     3
       Long sword        |    18 |    49 |     2 ||    69
 Cast: Magic Dart        |   104 |   140 |    52 ||   296
       Call Imp          |     1 |     3 |     2 ||     6
       Mephitic Cloud    |       |    16 |     2 ||    18
       Conjure Flame     |       |     4 |       ||     4
       Blink             |       |     2 |     1 ||     3
  Use: Potion            |       |     1 |       ||     1
 Stab: Sleeping          |     2 |       |       ||     2
       Confused          |       |     4 |       ||     4
Armor: Robe              |     5 |    10 |     1 ||    16
       Leather armour    |       |       |     1 ||     1
Dodge: Dodged            |    26 |    68 |     4 ||    98

Table legend: (Time is in decaauts)
 A = Elapsed time spent in this place.
 B = Non-inter-level travel time spent in this place.
 C = Inter-level travel time spent in this place.
 D = Time resting spent in this place.
 E = Time spent auto-exploring this place.
 F = Levels seen in this place.
 G = Mean time per level.
                   A        B        C        D        E       F      G
               +--------+--------+--------+--------+--------+-----+--------+
         Total |   7030 |   6897 |    133 |    517 |   5194 |   6 | 1171.7 |
       Dungeon |   5258 |   5125 |    133 |    309 |   3968 |   5 | 1051.6 |
         Sewer |   1771 |   1771 |      0 |    208 |   1226 |   1 | 1771.0 |
               +--------+--------+--------+--------+--------+-----+--------+

Top non-repeatable levels by time:
   Sewer: 1771 daAuts
     D:2: 1673 daAuts
     D:1: 1594 daAuts
     D:3: 1078 daAuts
     D:4: 795 daAuts
     D:5: 116 daAuts
